 Dungeon Crawl Stone Soup version 0.23-a0-673-g3803c42f16 (webtiles) character file.

14 Adamkad1 the Magician (level 2, -1/19 HPs)
             Began as a Mummy Ice Elementalist on Jan 9, 2019.
             Slain by a kobold (4 damage)
             ... on level 1 of the Dungeon.
             The game lasted 00:01:18 (757 turns).

Adamkad1 the Magician (Mummy Ice Elementalist)       Turns: 757, Time: 00:01:19

Health: -1/19      AC:  2    Str: 11    XL:     2   Next: 31%
Magic:  6/6        EV: 12    Int: 14    God:
Gold:   27         SH:  0    Dex: 12    Spells: 6/7 levels left

rFire    x . .     SeeInvis .   d - +2 whip (venom)
rCold    + . .     Gourm    .   (no shield)
rNeg     + + +     Faith    .   a - +0 robe
rPois    ∞         Spirit   .   (no helmet)
rElec    .         Reflect  .   (no cloak)
rCorr    .         Harm     .   (no gloves)
MR       .....                  (no boots)
Stlth    ++........             (no amulet)
HPRegen  0.06/turn              (no ring)
MPRegen  0.10/turn              (no ring)

@: no status effects
A: no food or potions, fire vulnerability, cold resistance 1, negative energy
resistance 3, torment resistance, unbreathing
a: no special abilities


You were on level 1 of the Dungeon.
You were not hungry.

You visited 1 branch of the dungeon, and saw 1 of its levels.

You collected 27 gold pieces.

Inventory:

Hand Weapons
 d - a +2 whip of venom (weapon)
Armour
 a - a +0 robe (worn)
Scrolls
 b - 3 scrolls of teleportation {unknown}
 c - a scroll of immolation {unknown}
 e - a scroll of identify {unknown}
 f - a scroll of random uselessness {unknown}
 g - a scroll of remove curse {unknown}


   Skills:
 + Level 0.1 Fighting
 * Level 1.8 Dodging
 + Level 1.8 Stealth
 * Level 3.0 Spellcasting
   Level 0.7 Conjurations
 + Level 2.6 Ice Magic


You had 6 spell levels left.
You knew the following spells:

 Your Spells              Type           Power        Failure   Level  Hunger
a - Freeze                Ice            #...         8%          1    N/A

Your spell library contained the following spells:

 Spells                   Type           Power        Failure   Level  Hunger
 Throw Frost              Conj/Ice       #.....       16%         2    N/A
 Ozocubu's Armour         Chrm/Ice       #.......     36%         3    N/A
 Throw Icicle             Conj/Ice       #.......     71%         4    N/A
 Summon Ice Beast         Ice/Summ       #.......     77%         4    N/A

Dungeon Overview and Level Annotations

Branches:
Dungeon (1/15)

Altars:


Innate Abilities, Weirdness & Mutations

You do not eat or drink.
Your flesh is vulnerable to fire.
You are immune to poison.
Your flesh is cold resistant. (rC+)
You are immune to negative energy. (rN+++)
You are immune to unholy pain and torment.
You can survive without breathing.


Message History

You kill the ball python!
You hit the goblin.
You kill the goblin!
The kobold hits you but does no damage.
Things that are here:
a +0 dagger; a goblin corpse You closely miss the kobold.
The kobold is moderately wounded.
The kobold barely misses you.
You hit the kobold but do no damage.
The kobold is moderately wounded.
The kobold hits you.
You barely miss the kobold.
The kobold is moderately wounded.
The kobold hits you.
* * * LOW HITPOINT WARNING * * *
You closely miss the kobold.
The kobold is moderately wounded.
The kobold hits you.
You die...

#####.#..#.........
......#..#...#...# .#
.##...###.#.#.##..#...#
###.#........#.#.#.......#
....#..........#....##.#.#
..####...###..##.#######
..+.....................
..#####...###..#.######.
##.....÷.....#.#@# #
.+...........#.#K# .#
##...........#.#.# ..#
#...........#...#...#
#...................#
#.........?.........+
....#########$..>....#
....# #.....!..# ....#
#........#


You could see a kobold.

Vanquished Creatures
  A dart slug (D:1)
  A leopard gecko (D:1)
  2 bats (D:1)
  3 goblins (D:1)
  3 jackals (D:1)
  A ball python (D:1)
11 creatures vanquished.

Notes
Turn   | Place    | Note
-------+----------+-------------------------------------------
     0 | D:1      | Adamkad1 the Mummy Ice Elementalist began the quest for the
                  | Orb.
     0 | D:1      | Reached XP level 1. HP: 13/13 MP: 4/4
   263 | D:1      | Reached XP level 2. HP: 6/19 MP: 0/5
   477 | D:1      | Reached skill level 3 in Spellcasting
   757 | D:1      | Slain by a kobold

Vault maps used:
D:1:      psy_arrival_whirlpool, amethyst_killhole

Skill      XL: |  1  2 |
---------------+-------+-----
Spellcasting   | 3 |  3.0
Fighting       | |  0.1
Dodging        | |  1.8
Stealth        | |  1.8
Conjurations   | |  0.7
Ice Magic      | |  2.6

Action                   || total
-------------------------++-------
Melee: Unarmed           ||    14
       Whip              ||    22
 Cast: Freeze            ||    12
Armor: Robe              ||    10
Dodge: Dodged            ||    50

Table legend:
 A = Non-vault XP
 B = Vault XP
 C = Vault XP percentage of total XP
 D = Non-vault monster count
 E = Vault monster count
 F = Vault count percentage of total count
                 A         B        C        D         E       F
            +---------+---------+-------+---------+---------+-------
      Total |      21 |       0 |   0.0 |      11 |       0 |   0.0
            +---------+---------+-------+---------+---------+-------
        D:1 |      21 |       0 |   0.0 |      11 |       0 |   0.0
            +---------+---------+-------+---------+---------+-------
